 Dungeon Crawl Stone Soup version 0.18-a0-1805-g8ab820f (webtiles) character file.

51 manas the Shield-Bearer (level 3, -1/33 HPs)
             Began as a Minotaur Fighter on Apr 26, 2016.
             Slain by a giant frog (3 damage)
             ... on level 4 of the Dungeon.
             The game lasted 00:08:04 (872 turns).

manas the Shield-Bearer (Minotaur Fighter)           Turns: 872, Time: 00:08:05

Health: -1/33      AC:  7    Str: 21    XL:     3   Next: 57%
Magic:  2/2        EV:  7    Int:  5    God:
Gold:   87         SH:  9    Dex:  9    Spells: 0 memorised, 2 levels left

rFire  . . .     SeeInvis .     a - +0 long sword
rCold  . . .     Gourm    .     b - +0 scale mail
rNeg   . . .     Faith    .     c - +0 shield
rPois  .         Spirit   .     (helmet restricted)
rElec  .         Dismiss  .     (no cloak)
rCorr  .         Reflect  .     (no gloves)
SustAt .         Harm     .     (no boots)
MR     .....                    (no amulet)
Stlth  ..........               (no ring)
                                (no ring)

@: not resistant to hostile enchantments, extremely unstealthy
A: retaliatory headbutt, horns 2
a: no special abilities


You were on level 4 of the Dungeon.
You were not hungry.

You visited 1 branch of the dungeon, and saw 4 of its levels.

You collected 87 gold pieces.

Inventory:

Hand Weapons
 a - a +0 long sword (weapon)
 m - a +0 falchion
Armour
 b - a +0 scale mail (worn)
 c - a +0 shield (worn)
Jewellery
 h - a +4 ring of dexterity {unknown}
 i - an uncursed ring of stealth {unknown}
 n - an uncursed ring of poison resistance {unknown}
Wands
 l - a wand of flame (34/48)
Scrolls
 e - a scroll of fear {unknown}
 g - a scroll of teleportation {unknown}
Potions
 d - a potion of might
 j - 3 potions of cure mutation {unknown}
 k - a potion of flight {unknown}
Comestibles
 f - a bread ration


   Skills:
 + Level 4.1 Fighting
 + Level 2.8 Long Blades
 + Level 4.3 Armour
 + Level 0.2 Dodging
 + Level 4.4 Shields


You had 2 spell levels left.
You didn't know any spells.

Dungeon Overview and Level Annotations

Branches:
Dungeon (4/15)             Temple (0/1) D:4

Altars:
Nemelex Xobeh
Trog


Innate Abilities, Weirdness & Mutations

You reflexively headbutt those who attack you in melee.
You have a pair of horns on your head.


Message History

Your unstable footing causes you to fumble your attack.
You block the giant frog's attack. The giant frog hits you.
You hit the giant frog but do no damage.
You headbutt the giant frog.
The giant frog is lightly wounded.
The giant frog hits you but does no damage.
The giant frog hits you!
Your unstable footing causes you to fumble your attack.
The giant frog barely misses you. The giant frog hits you.
Your unstable footing causes you to fumble your attack.
The giant frog hits you!
* * * LOW HITPOINT WARNING * * *
You block the giant frog's attack.
Your unstable footing causes you to fumble your attack.
The giant frog hits you.
* * * LOW HITPOINT WARNING * * *
The giant frog closely misses you.
Your unstable footing causes you to fumble your attack.
The giant frog hits you.
You die...

..... .# #.##
#####.#.#.# ... #
....≈§§... #.# #.
#.≈§§§≈.####.#####.#
..#§≈§§§≈≈....<......#
##+.§§§>≈§§#####.....##
....≈§≈≈§§§# .....#
.....≈§§≈≈†# .....#
......F@§..# .....#
......#.#.## .....#
..........# .....#
......#.### ...).#
#.....#.. #.... #..
#...# #.# ... ...


You could see a giant frog.

Vanquished Creatures
  3 adders
  2 worms (D:3)
  A goblin (D:3)
  2 hobgoblins
  3 jackals (D:4)
  A ball python (D:3)
  4 bats
  5 rats (D:3)
21 creatures vanquished.

Notes
Turn   | Place    | Note
--------------------------------------------------------------
     0 | D:1      | manas the Minotaur Fighter began the quest for the Orb.
     0 | D:1      | Reached XP level 1. HP: 19/19 MP: 0/0
   178 | D:2      | Found a sparkling altar of Nemelex Xobeh.
   188 | D:2      | Reached XP level 2. HP: 27/27 MP: 1/1
   421 | D:3      | Noticed a moth of wrath
   425 | D:3      | Found a bloodstained altar of Trog.
   675 | D:3      | Reached XP level 3. HP: 33/33 MP: 2/2
   838 | D:4      | Found a staircase to the Ecumenical Temple.
   852 | D:4      | Noticed a giant frog
   872 | D:4      | Slain by a giant frog

Vault maps used:
D:1:      scummos_arrival_hexagon
D:2:      gammafunk_temple_overflow_elements, nemelex_xobeh_ov_fountains_minmay,
          ecumenical_altar_1, corner_web_ring
D:3:      vehumet_crystals, lemuel_crystal_altar, tgw_trog
D:4:      okawaru_trees_1, minmay_temple_entry_mist, trog_butcher_becter

Skill      XL: |  1  2  3 |
---------------+----------+-----
Armour         | 4 |  4.3
Shields        | 4 |  4.4
Fighting       | 4 |  4.1
Long Blades    | |  2.8
Dodging        | |  0.2

Action                   || total
-------------------------++-------
Melee: Long sword        ||    68
       Headbutt          ||     9
Armor: Scale mail        ||    55
Dodge: Dodged            ||    40
Block: Shield            ||    66
